 Dungeon Crawl Stone Soup version 0.31-a0-185-g9dded2c639 (webtiles) character file.

Game seed: 3909048991719331542

65 qw the Shooter (level 3, -7/20 HPs)
             Began as a Deep Elf Hunter on June 22, 2023.
             Mangled by Sigmund
             ... wielding a +0 scythe
              (8 damage)
             ... on level 2 of the Dungeon.
             The game lasted 00:00:25 (866 turns).

qw the Shooter (Deep Elf Hunter)                     Turns: 866, Time: 00:00:26

Health: -7/20      AC:  4    Str: 10    XL:     3   Next: 92%
Magic:  5/5        EV: 12    Int: 13    God:
Gold:   94         SH:  0    Dex: 18    Spells: 2/2 levels left

rFire   . . .        Y - +0 shortbow
rCold   . . .        (shield currently unavailable)
rNeg    . . .        c - +0 leather armour
rPois   .            (no helmet)
rElec   .            g - +0 cloak
rCorr   .            (no gloves)
SInv    .            (no boots)
Will    .....        (no amulet)
Stlth   ++           (no ring)
HPRegen 0.23/turn    (no ring)
MPRegen 0.09/turn

%: no passive effects
@: no status effects
A: no striking features
a: no special abilities


You were on level 2 of the Dungeon.
You visited 1 branch of the dungeon, and saw 2 of its levels.

You collected 94 gold pieces.


   Skills:
 - Level 1.5 Fighting
 + Level 7.4 Ranged Weapons
 - Level 2.4 Dodging
 - Level 1.2 Stealth


You had 2 spell levels left.
You didn't know any spells.
Your spell library was empty.

Inventory:

Hand Weapons
 Y - a +0 shortbow (weapon)
Armour
 c - a +0 leather armour (worn)
 g - a +0 cloak (worn)
Potions
 a - a potion of degeneration {unknown}
 e - a potion of haste {unknown}
 i - a potion of curing {unknown}

Dungeon Overview and Level Annotations

Branches:
Dungeon (2/15)

Altars:

Annotations:
D:2 Sigmund


Message History

The endoplasm is moderately wounded.
You shoot an arrow. The arrow hits the endoplasm!
You kill the endoplasm!
Sigmund the Dreaded comes into view.
He is wielding a +0 scythe.
You shoot an arrow. The arrow barely misses Sigmund.
Sigmund shouts!
You shoot an arrow. The arrow closely misses Sigmund.
Sigmund gestures at you while chanting.
You are confused.
Sigmund points at you and mumbles some strange words.
The puff of flame misses you. Sigmund casts a spell at you.
You are more confused.
Sigmund barely misses you. Sigmund closely misses you.
Sigmund closely misses you. Sigmund misses you. Sigmund closely misses you.
You feel less confused. Sigmund completely misses you.
You shoot an arrow. The arrow closely misses Sigmund.
The arrow hits the fungus!
The fungus begins to die.
The fungus is lightly damaged.
You shoot an arrow. The arrow barely misses Sigmund.
The arrow hits the fungus!
The fungus is lightly damaged.
Sigmund mumbles some strange words.
Sigmund flickers and vanishes!
Deactivating autopickup; reactivate with Ctrl-A.
You shoot an arrow.
A nearby fungus withers and dies.
Something hits you.
You shoot an arrow. Something hits you.
You shoot an arrow. You shoot an arrow. Something hits you.
You shoot an arrow. Something hits you.
You shoot an arrow. Something hits you!
You die...

#.# #.# #.# #.#
#.######.#
########..<.....#
..........#######
########..#######
#.@.......
#...######.
....#{# #.#.....
#........
#....P7P. #^.P..
... ##..P7 ...


There were no monsters in sight!

Vanquished Creatures
  Jessica (D:1)
  3 bats (D:1)
  5 endoplasms
  5 goblins (D:1)
  4 hobgoblins (D:1)
  4 jackals (D:1)
  3 kobolds (D:1)
  5 ball pythons (D:1)
  2 frilled lizards (D:1)
  3 rats (D:1)
35 creatures vanquished.

Notes
Turn   | Place    | Note
-------+----------+-------------------------------------------
     0 | D:1      | qw the Deep Elf Hunter began the quest for the Orb.
     0 | D:1      | Reached XP level 1. HP: 12/12 MP: 3/3
     0 | D:1      | 0 ||| qw: Version: 0.3-a-9-g12657ce
     0 | D:1      | 0 ||| qw: Game counter: 1806
     0 | D:1      | 0 ||| qw: Always use a shield: true
     0 | D:1      | 0 ||| qw: God list: Okawaru
     0 | D:1      | 0 ||| qw: Allow faded altars: false
     0 | D:1      | 0 ||| qw: Do Orc after D:15 true
     0 | D:1      | 0 ||| qw: Do second Lair branch before Depths: true
     0 | D:1      | 0 ||| qw: Lair rune preference: random
     0 | D:1      | 0 ||| qw: Plans: Normal
     0 | D:1      | 0 ||| PLANNING D:1-11
    73 | D:1      | Reached XP level 2. HP: 16/16 MP: 4/4
    75 | D:1      | Reached skill level 6 in Ranged Weapons
   459 | D:1      | Reached XP level 3. HP: 20/20 MP: 5/5
   765 | D:1      | 765 ||| UPGRADING to +0 cloak.
   770 | D:1      | 770 ||| READING 2 scrolls labelled URGHE BASTU.
   771 | D:1      | 771 ||| READING scroll labelled IJYAVE PUYLEAMN.
   772 | D:1      | 772 ||| READING scroll labelled IKABLEMECW.
   773 | D:1      | 773 ||| DROPPING scroll of fog.
   774 | D:1      | 774 ||| DROPPING scroll of butterflies.
   800 | D:2      | Noticed Jessica
   803 | D:2      | 803 ||| STAIRDANCE
   813 | D:2      | 813 ||| STAIRDANCE
   822 | D:1      | Killed Jessica
   823 | D:1      | Reached skill level 7 in Ranged Weapons
   842 | D:2      | Noticed Sigmund
   865 | D:2      | HP: 1/20 [something (6)]
   866 | D:2      | Mangled by Sigmund

Levels and vault maps discovered:
D:1:      scummos_arrival_hexagon, layout_loops_ring
D:2:      minmay_diamond_boxcup, layout_loops_ring, serial_shops, shop,
          dreamdust_ecumenical_altar_grove, uniq_jessica, uniq_terence,
          uniq_sigmund

Skill      XL: |  1  2  3 |
---------------+----------+-----
Ranged Weapons | 6 7 |  7.4
Fighting       | |  1.5
Dodging        | |  2.4
Stealth        | |  1.2

Action                     || total
---------------------------++-------
   Fire: Shortbow          ||    97
    Use: Scroll            ||     3
 Armour: Leather armour    ||     6
  Dodge: Dodged            ||    28

Table legend:
 A = Non-vault XP
 B = Vault XP
 C = Vault XP percentage of total XP
 D = Non-vault monster count
 E = Vault monster count
 F = Vault count percentage of total count
                 A         B        C        D         E       F
            +---------+---------+-------+---------+---------+-------
      Total |      56 |      37 |  39.8 |      34 |       1 |   2.9
            +---------+---------+-------+---------+---------+-------
        D:1 |      54 |      37 |  40.7 |      33 |       1 |   2.9
        D:2 |       2 |       0 |   0.0 |       1 |       0 |   0.0
            +---------+---------+-------+---------+---------+-------
